[Event "*** Titled Tuesday Blitz"]
[Site "Chess.com"]
[Date "2020.05.12"]
[Round "10"]
[White "Rhinos1"]
[Black "fidezivkovic"]
[Result "1-0"]
[WhiteElo "2221"]
[BlackElo "2351"]
[TimeControl "180+1"]
[EndTime "11:53:27 PDT"]
[Termination "Rhinos1 won on time"]

1. e4 c5 2. d4 cxd4 3. c3 g6 4. Nf3 Bg7 5. cxd4 d5 6. e5 Bg4 7. Nc3 Nc6 8. Be2 Bxf3 9. Bxf3 e6 10. O-O Nge7 11. Bg5 O-O 12. b3 Rc8 13. Nb5 Qb6 14. Nd6 Rc7 15. Be3 Nc8 16. Nxc8 Rfxc8 17. Rc1 Qa5 18. a4 Bf8 19. Qd3 Nb4 20. Qe2 a6 21. h4 h5 22. g4 hxg4 23. Bxg4 Nc2 24. h5 Nxe3 25. Qxe3 gxh5 26. Bxh5 Bg7 27. Kh2 Qb4 28. Rxc7 Rxc7 29. Rg1 Rc3 30. Qg5 Qf8 31. Rg4 Rxb3 32. Rf4 Kh8 33. Bxf7 Bh6 34. Rh4 1-0

[Event "*** Titled Tuesday Blitz"]
[Site "Chess.com"]
[Date "2020.05.12"]
[Round "10"]
[White "politeplayer"]
[Black "grandcoach"]
[Result "1-0"]
[WhiteElo "2193"]
[BlackElo "2029"]
[TimeControl "180+1"]
[EndTime "11:53:28 PDT"]
[Termination "politeplayer won on time"]

1. e4 c5 2. Nf3 e6 3. d4 cxd4 4. Nxd4 a6 5. Bd3 Bc5 6. Nb3 Ba7 7. Qe2 Nc6 8. Be3 b5 9. N1d2 Nf6 10. O-O O-O 11. Bxa7 Rxa7 12. Kh1 d6 13. f4 Rc7 14. Rf3 Bb7 15. Rh3 Nb4 16. Nf3 Nxd3 17. cxd3 Qe7 18. Rf1 Rfc8 19. Qf2 Rc2 20. Qh4 h6 21. Rg3 Kf8 22.
e5 dxe5 23. fxe5 Nh7 24. Qg4 Ng5 25. h4 Bxf3 26. gxf3 Qa7 27. hxg5 Rf2 28. Rfg1 Rcc2 29. Rh3 Qe3 30. gxh6 1-0

[Event "*** Titled Tuesday Blitz"]
[Site "Chess.com"]
[Date "2020.05.12"]
[Round "10"]
[White "cukin84"]
[Black "albano87"]
[Result "0-1"]
[WhiteElo "2131"]
[BlackElo "2314"]
[TimeControl "180+1"]
[EndTime "11:53:29 PDT"]
[Termination "albano87 won by checkmate"]

1. e4 g6 2. d4 Bg7 3. Be3 d6 4. Nc3 c6 5. Qd2 Nf6 6. f3 O-O 7. g4 h5 8. h3 b5 9. Bh6 Kh7 10. Bxg7 Kxg7 11. O-O-O Rh8 12. Qf4 hxg4 13. e5 Nh5 14.
Qe3 Ng3 15. exd6 Qxd6 16. Ne4 Nxe4 17. fxe4 gxh3 18. Bxh3 Bxh3 19. Nxh3 Na6 20. e5 Qd5 21. Rhf1 Qxa2 22. b3 Rad8 23. Qc3 b4 24. Rxf7+ Kg8 25.
Qxc6 Qa1+ 26. Kd2 Qxd4+ 27. Ke1 Qxd1+ 28. Kf2 Qd2+ 29. Kg3 Rxh3+ 30. Kxh3 Kxf7 31. e6+ Kg7 32. Qxa6 Qc3+ 33. Kg4 Rd4+ 34. Kg5 Qc5# 0-1

[Event "*** Titled Tuesday Blitz"]
[Site "Chess.com"]
[Date "2020.05.12"]
[Round "10"]
[White "Stronger1799"]
[Black "Kaliopa"]
[Result "1-0"]
[WhiteElo "2309"]
[BlackElo "2115"]
[TimeControl "180+1"]
[EndTime "11:53:29 PDT"]
[Termination "Stronger1799 won on time"]

1. e4 c5 2. Nf3 Nc6 3. d4 cxd4 4. Nxd4 Nf6 5. Nc3 e5 6. Ndb5 d6 7. a4 a6 8. Na3 Be6 9. Bc4 Be7 10.
O-O O-O 11. Re1 Rc8 12. Nd5 Bxd5 13. exd5 Nb8 14. Bf1 Nbd7 15. b4 a5 16. c3 axb4 17. cxb4 Nb6 18. Bg5 Nbxd5 19. Qb3 Qd7 20. Rad1 Rc3 21. Qa2 Qxa4 22. Ra1 Nxb4 23. Qb2 Qb3 24. Qd2 Rfc8 25. Reb1 Qa4 26. Nb5 Qxa1 27. Rxa1 Ne4 28.
Qb2 Rc2 29. Qxb4 Nxg5 30. Nxd6 R2c6 31. Qg4 Bxd6 32. Qxg5 1-0

[Event "*** Titled Tuesday Blitz"]
[Site "Chess.com"]
[Date "2020.05.12"]
[Round "10"]
[White "SergioGarciaFuentes"]
[Black "annamaja"]
[Result "0-1"]
[WhiteElo "2156"]
[BlackElo "2291"]
[TimeControl "180+1"]
[EndTime "11:53:30 PDT"]
[Termination "annamaja won on time"]

1. Nf3 Nf6 2. g3 b5 3. Bg2 Bb7 4. b3 e6 5. Bb2 Be7 6. O-O O-O 7. Re1 c5 8. d3 d5 9. Nbd2 d4 10.
a4 a6 11. axb5 axb5 12. Rxa8 Bxa8 13. Qa1 Bd5 14. e3 dxe3 15. fxe3 Nbd7 16. e4 Bc6 17. Qa6 Qc7 18. Qa1 Ra8 19. Qb1 Qa5 20. Nf1 c4 21.
Nd4 Bc5 22. Kh1 Bb7 23. bxc4 bxc4 24. Ba1 Qxa1 25. Qxa1 Rxa1 26. Rxa1 Bxd4 27. Rb1 Bc6 28. dxc4 Nxe4 29. h3 h5 30. Kh2 Ndc5 31. Rb8+ Kh7 32.
Rc8 Bd7 33. Rc7 Be8 0-1

[Event "*** Titled Tuesday Blitz"]
[Site "Chess.com"]
[Date "2020.05.12"]
[Round "10"]
[White "Efremov_Vlad"]
[Black "MacDaddyMac"]
[Result "0-1"]
[WhiteElo "2124"]
[BlackElo "2260"]
[TimeControl "180+1"]
[EndTime "11:53:30 PDT"]
[Termination "MacDaddyMac won by checkmate"]

1. c4 e6 2. d4 d5 3. Nf3 Nf6 4. Nc3 b6 5. cxd5 Nxd5 6. e4 Nxc3 7. bxc3 Bb7 8. Qc2 c5 9. Bb5+ Bc6 10. Qa4 Qd7 11.
Bxc6 Qxc6 12. Qxc6+ Nxc6 13. Be3 cxd4 14. cxd4 Bb4+ 15.
Bd2 Bxd2+ 16. Kxd2 O-O-O 17. Rhc1 Kb7 18. Ke3 f6 19.
Rc4 Na5 20. Rc3 Rc8 21. Rac1 Rxc3+ 22. Rxc3 Rd8 23. Nd2 Nc6 24. Nf3 b5 25. h4 Kb6 26.
h5 h6 27. g4 a5 28. Rb3 a4 29.
Rb1 b4 30. e5 fxe5 31. Nxe5 Nxe5 32. dxe5 Kc5 33. f4 Rb8 34. Ke4 b3 35. axb3 Rb4+ 36. Kd3 axb3 37. Kc3 Rxf4 38. Rxb3 Rxg4 39. Rb7 Rg3+ 40.
Kd2 Kd5 41. Rb5+ Ke4 42. Ke2 Rg2+ 43. Kf1 Rg5 44. Rb7 Kxe5 45. Kf2 Kf6 46. Kf3 Rxh5 47. Kf4 Rf5+ 48. Ke4 Re5+ 49. Kf4 g5+ 50. Kg4 Re4+ 51.
Kf3 Rf4+ 52. Kg3 h5 53. Rh7 h4+ 54. Kg2 Kf5 55. Rf7+ Kg4 56. Re7 Re4 57. Ra7 Re2+ 58.
Kf1 Re4 59. Ra6 e5 60. Kg2 Re2+ 61. Kg1 Kh3 62. Ra3+ Kg4 63. Ra4+ e4 64. Ra3 e3 65. Kh1 Kg3 66. Ra1 g4 67. Rg1+ Kh3 68. Rf1 g3 69.
Rg1 Rh2# 0-1

[Event "*** Titled Tuesday Blitz"]
[Site "Chess.com"]
[Date "2020.05.12"]
[Round "10"]
[White "zmeeed67"]
[Black "TheoSlade"]
[Result "0-1"]
[WhiteElo "2399"]
[BlackElo "2281"]
[TimeControl "180+1"]
[EndTime "11:53:31 PDT"]
[Termination "TheoSlade won on time"]

1. d4 Nf6 2. c4 e6 3. Nc3 Bb4 4. f3 O-O 5. e4 d5 6. cxd5 exd5 7.
e5 Nh5 8. Be3 Qh4+ 9. Bf2 Qe7 10. Bd3 Nf4 11. g3 Nxd3+ 12. Qxd3 f6 13. f4 fxe5 14.
dxe5 c6 15. Ne2 Bf5 16. Qd4 Bh3 17. O-O-O Nd7 18. Be3 Nb6 19. Bd2 c5 20. Qd3 Bf5 21. Qf3 d4 22. Nd5 Bxd2+ 23. Rxd2 Nxd5 24. Qxd5+ Be6 25. Qe4 Qc7 26. Rf1 Qa5 27. b3 Qa3+ 28. Rb2 c4 29. Qxd4 c3 30. Nxc3 Rfd8 31. Qa4 Qc5 32. Rc2 Rac8 33.
Rff2 Bf5 34. Qc4+ Qxc4 35. bxc4 Bxc2 36. Rxc2 Rxc4 37. Nb5 Rxc2+ 38. Kxc2 Rc8+ 39. Kd3 a6 40. Nd6 Rc7 41. e6 Rc6 42. e7 Rxd6+ 43. Ke4 Kf7 0-1

[Event "*** Titled Tuesday Blitz"]
[Site "Chess.com"]
[Date "2020.05.12"]
[Round "10"]
[White "Gentlejimmy7"]
[Black "AndriiTop"]
[Result "1-0"]
[WhiteElo "2545"]
[BlackElo "2326"]
[TimeControl "180+1"]
[EndTime "11:53:33 PDT"]
[Termination "Gentlejimmy7 won by resignation"]

1. d4 Nf6 2. g3 e6 3. Bg2 d5 4.
Nf3 Be7 5. O-O O-O 6. c4 dxc4 7. Qc2 a6 8. a4 Bd7 9. Qxc4 Bc6 10. Bf4 Nbd7 11. Nc3 Rc8 12. Rac1 Bd6 13. Rfe1 Bxf4 14. gxf4 Ne4 15. e3 Nxc3 16. Rc2 Nxa4 17. e4 Nab6 18.
Qe2 Nf6 19. Ne5 Bb5 20. Qe3 Nbd7 21. Rec1 c6 22. Bh3 Qe7 23. Kh1 Rfd8 24. f5 exf5 25. Bxf5 Rb8 26. f4 Nf8 27. Qg3 Rxd4 28. Rg2 g6 29. Rcg1 Kh8 30. Qh4 Nd5 31. Qh6 Ne3 32. Bxg6 fxg6 33. Rxg6 Nxg6 34. Nxg6+ 1-0

[Event "*** Titled Tuesday Blitz"]
[Site "Chess.com"]
[Date "2020.05.12"]
[Round "10"]
[White "Skatchkov_V"]
[Black "Al_Shima"]
[Result "0-1"]
[WhiteElo "2541"]
[BlackElo "2439"]
[TimeControl "180+1"]
[EndTime "11:53:35 PDT"]
[Termination "Al_Shima won by resignation"]

1. d4 b5 2. Nf3 Bb7 3. a4 b4 4. c4 e6 5. Nbd2 f5 6. e3 Nf6 7.
Bd3 c5 8. O-O Bd6 9. b3 O-O 10.
Bb2 Ne4 11. Qc2 Nxd2 12. Nxd2 Bxh2+ 13. Kxh2 Qh4+ 14. Kg1 Bxg2 15. f3 Qg3 16. Ne4 fxe4 17. Qxg2 Qxg2+ 18. Kxg2 exd3 19. dxc5 Na6 20. Bd4 Rac8 21.
Rad1 Nxc5 22. Bxc5 Rxc5 23. Rxd3 d5 24. cxd5 exd5 25. Rfd1 Rf5 26. Kf2 h5 27. Ke2 Rc2+ 28. R1d2 Rc5 29. Rd4 a5 30. R2d3 Kf7 31. f4 g5 32.
fxg5 Rxg5 33. Rd1 Ke6 34. Rf1 Rc2+ 35. Kd1 Rgg2 36. Rdf4 Ra2 37. Rf6+ Ke5 38. R6f5+ Ke4 39. R5f4+ Kd3 0-1

[Event "*** Titled Tuesday Blitz"]
[Site "Chess.com"]
[Date "2020.05.12"]
[Round "10"]
[White "cassoulet"]
[Black "jerry_77"]
[Result "0-1"]
[WhiteElo "2636"]
[BlackElo "2472"]
[TimeControl "180+1"]
[EndTime "11:53:36 PDT"]
[Termination "jerry_77 won on time"]

1. e4 c6 2. Nc3 d5 3. Nf3 Bg4 4. h3 Bxf3 5. Qxf3 e6 6. d3 Nd7 7. Bd2 Ne7 8. O-O-O g6 9. h4 Bg7 10. h5 Qc7 11. h6 Bd4 12. exd5 Nxd5 13. Ne4 N5f6 14. Bf4 Be5 15. Nxf6+ Nxf6 16. Bg5 Nd5 17. g3 Qb6 18. c3 Qa5 19. d4 Bd6 20. Bd2 Qxa2 21.
Bd3 Ba3 22. bxa3 Qxa3+ 23. Kc2 Qa2+ 24. Kc1 Qa3+ 25. Kc2 Qa2+ 26. Kc1 Nb4 27. cxb4 Qa3+ 28. Kc2 Qa2+ 29. Kc3 Qa3+ 30. Kc4 Qa2+ 31. Kc3 Qa3+ 32. Kc4 Rd8 33. Ra1 Qb2 0-1

[Event "*** Titled Tuesday Blitz"]
[Site "Chess.com"]
[Date "2020.05.12"]
[Round "10"]
[White "Gennady_Kozlov"]
[Black "TudorAnton"]
[Result "1-0"]
[WhiteElo "2609"]
[BlackElo "2494"]
[TimeControl "180+1"]
[EndTime "11:53:37 PDT"]
[Termination "Gennady_Kozlov won by resignation"]

1. b3 e5 2. Bb2 Nc6 3. e3 Nf6 4.
Be2 d5 5. d4 Bd6 6. Nf3 e4 7.
Nfd2 O-O 8. c4 Re8 9. Nc3 Bb4 10. a3 Bxc3 11. Bxc3 Ne7 12. Qc2 c6 13. h3 Ng6 14. g4 Nh4 15. O-O-O Be6 16. Rdg1 g5 17. Rg3 Qd6 18. Bb4 Qc7 19. Rhg1 a5 20. Bc3 a4 21. b4 dxc4 22. Nxe4 Nxe4 23. Qxe4 Bd5 24. Qc2 Be4 25.
Qd2 b5 26. f3 Bd3 27. Bxd3 cxd3 28. Qxd3 Rad8 29. Kb2 Qe7 30. e4 Qe6 31. Bd2 h6 32.
Rc1 Rd6 33. Rc5 Red8 34. Be3 Ng6 35. Qc3 Ne7 36. Rg2 Qf6 37. Bg1 Rxd4 38. Bxd4 Rxd4 39. Re2 Qd6 40. e5 Qd7 41. Kc2 Rd1 42. Rd2 Rxd2+ 43.
Qxd2 Qe6 44. Qd3 Qa2+ 45. Kd1 Qa1+ 46. Ke2 Qxe5+ 47. Rxe5 1-0

[Event "*** Titled Tuesday Blitz"]
[Site "Chess.com"]
[Date "2020.05.12"]
[Round "10"]
[White "Klavdia_Nik"]
[Black "AwesomeMango"]
[Result "0-1"]
[WhiteElo "2089"]
[BlackElo "2239"]
[TimeControl "180+1"]
[EndTime "11:53:37 PDT"]
[Termination "AwesomeMango won on time"]

1. Nf3 d5 2. c4 e6 3. b3 Nf6 4. Bb2 Bd6 5. g3 O-O 6. Bg2 c6 7. O-O Nbd7 8. d4 b5 9. Nbd2 bxc4 10.
bxc4 Rb8 11. Qc2 Ba6 12. Rab1 Qa5 13. Bc3 Qc7 14. Qa4 Bxc4 15. Nxc4 dxc4 16. Qxc4 c5 17. e3 Rfc8 18. dxc5 Qxc5 19. Qxc5 Nxc5 20. Bxf6 gxf6 21. Nd4 f5 22. h4 Rxb1 23. Rxb1 Kg7 24. Bf3 Ne4 25. Rb7 Rc7 26. Rxc7 Bxc7 27. Nc6 a5 28. Nd4 Nc3 29. a3 Bd6 30. Nc2 Kf6 31. Bc6 Ke7 32.
a4 Bc5 33. Kg2 Kd6 34. Be8 f6 35. Kf3 h6 0-1

[Event "*** Titled Tuesday Blitz"]
[Site "Chess.com"]
[Date "2020.05.12"]
[Round "10"]
[White "Gabrielian_Artur"]
[Black "Indianlad"]
[Result "0-1"]
[WhiteElo "2706"]
[BlackElo "2924"]
[TimeControl "180+1"]
[EndTime "11:53:38 PDT"]
[Termination "Indianlad won by resignation"]

1. e4 c5 2. Nc3 d6 3. d4 cxd4 4. Qxd4 Nc6 5. Qd2 g6 6. b3 Bh6 7. f4 Nf6 8. Bb2 e5 9. g3 O-O 10. O-O-O Re8 11. Kb1 Nd4 12. Nge2 Bg4 13. Bg2 Rc8 14.
Nxd4 exd4 15. Qxd4 Bxd1 16. Rxd1 Bg7 17. Qxd6 Qa5 18. Qd3 Ng4 19. Nd5 Nf2 20. Qd2 Qxd2 21. Rxd2 Nxe4 22. Bxe4 Rxe4 23. Nf6+ Bxf6 24. Bxf6 Re6 25.
Bd4 Rd8 26. c3 a6 27. Kc2 f5 28. a4 Kf7 29. b4 Re4 30. b5 axb5 31. axb5 h6 32.
Kd3 g5 33. fxg5 hxg5 34. Ra2 Re7 35. b6 Kg6 36. h4 Rh7 37. hxg5 Kxg5 38. Kc4 Re8 39.
Kb5 Rh3 40. Bf2 Kg4 41. Ra4+ Kg5 42. Rf4 Rh2 43. Bd4 Rc8 44. c4 Rd2 45. Be3 Rd3 46.
Rf3+ Kg4 47. Rf4+ Kxg3 48. Bc1 Rb3+ 49. Ka4 Rb1 50. Bd2 Ra8+ 51. Ba5 Kxf4 0-1

[Event "*** Titled Tuesday Blitz"]
[Site "Chess.com"]
[Date "2020.05.12"]
[Round "10"]
[White "Ashedu66"]
[Black "dosto07"]
[Result "1-0"]
[WhiteElo "2132"]
[BlackElo "2080"]
[TimeControl "180+1"]
[EndTime "11:53:38 PDT"]
[Termination "Ashedu66 won by resignation"]

1. d4 d5 2. c4 dxc4 3. e4 e5 4. Nf3 exd4 5. Bxc4 Nc6 6. O-O Be6 7. Bxe6 fxe6 8. Qb3 Qd7 9. Qxb7 Rb8 10. Qa6 Nf6 11. Bf4 Bc5 12. Nbd2 O-O 13. Rac1 Bb6 14. Qa4 Ne5 15.
Qxd7 Nexd7 16. Bxc7 Rbc8 17. Bxb6 axb6 18. Nxd4 e5 19.
Nf5 Rxc1 20. Rxc1 Nxe4 21. Nxe4 Rxf5 22. Rc8+ Nf8 23. f3 Rf7 24. Ng5 Re7 25. Nxh7 Kxh7 26.
Rxf8 e4 27. fxe4 Rxe4 28. Rb8 Re6 29. Kf2 Kg6 30. Kf3 Rc6 31. h3 Kg5 32. b3 g6 33.
g3 Rd6 34. Ke4 Rc6 35. Kd5 Rf6 36. a4 Rf5+ 37. Kc4 Rf6 38. b4 Rc6+ 39. Kb5 Rc3 40. Kxb6 Rxg3 41. a5 Rxh3 42. a6 Ra3 43. a7 Kf4 44.
a8=Q g5 45. Qxa3 g4 46. Rf8+ Kg5 47. Qg3 1-0

[Event "*** Titled Tuesday Blitz"]
[Site "Chess.com"]
[Date "2020.05.12"]
[Round "10"]
[White "Spartakus1975"]
[Black "Riptide27"]
[Result "1/2-1/2"]
[WhiteElo "2714"]
[BlackElo "2597"]
[TimeControl "180+1"]
[EndTime "11:53:39 PDT"]
[Termination "Game drawn by repetition"]

1. e4 e5 2. Nc3 Nf6 3. Bc4 Nxe4 4. Qh5 Nd6 5. Qxe5+ Qe7 6. Qxe7+ Bxe7 7. Bb3 O-O 8.
Nf3 Nf5 9. d4 Nc6 10. d5 Ncd4 11.
Bf4 d6 12. Nxd4 Nxd4 13. O-O-O Nxb3+ 14. axb3 Bd7 15. Rhe1 Rfe8 16. Be3 Bf6 17. Bd2 Bxc3 18. bxc3 Rxe1 19. Rxe1 Re8 20. Be3 a5 21. c4 b6 22. Kd2 f5 23. Ra1 Kf7 24. c3 h6 25.
f3 g5 26. b4 a4 27. c5 bxc5 28. bxc5 dxc5 29. Bxc5 Bb5 30. Re1 Rxe1 31. Kxe1 Bc4 32. d6 cxd6 33. Bxd6 f4 34. h4 Ke6 35. Bf8 gxh4 36.
Kf2 Kf5 37. Kg1 Kg5 38. Kh2 Be6 39. Be7+ Kh5 40. Bd6 Kg5 41. Be7+ Kh5 42. Bd6 Kg5 43. Be7+ 1/2-1/2

[Event "*** Titled Tuesday Blitz"]
[Site "Chess.com"]
[Date "2020.05.12"]
[Round "10"]
[White "Natalya_Buksa"]
[Black "GjakanTati"]
[Result "1-0"]
[WhiteElo "2548"]
[BlackElo "2642"]
[TimeControl "180+1"]
[EndTime "11:53:39 PDT"]
[Termination "Natalya_Buksa won by resignation"]

1. d4 d5 2. Nc3 Nf6 3. Bf4 Bf5 4. e3 e6 5. f3 h6 6. g4 Bh7 7.
Bd3 Bxd3 8. Qxd3 Nbd7 9. Nge2 a6 10. h4 c5 11. Kf2 Be7 12. g5 Nh5 13. Rag1 Nxf4 14. Nxf4 Qb6 15. g6 f6 16. dxc5 Nxc5 17. Qd2 O-O-O 18. b4 Nd7 19. Na4 Qc6 20. Nc5 Nxc5 21.
bxc5 Bxc5 22. Rb1 d4 23. e4 d3+ 24. Kg2 dxc2 25. Qxc2 Qd6 26. Rhd1 Qc6 27. Rdc1 b6 28.
Nd3 Rd6 29. Nxc5 bxc5 30. Qxc5 Qxc5 31. Rxc5+ Kd7 32. Rb7+ Ke8 33. Rc8+ Rd8 34. Rxd8+ Kxd8 35. Rb8+ Kc7 36. Rxh8 1-0

[Event "*** Titled Tuesday Blitz"]
[Site "Chess.com"]
[Date "2020.05.12"]
[Round "10"]
[White "uchenic"]
[Black "BIG_Pirate"]
[Result "1-0"]
[WhiteElo "2453"]
[BlackElo "2291"]
[TimeControl "180+1"]
[EndTime "11:53:39 PDT"]
[Termination "uchenic won by resignation"]

1. d4 d5 2. c4 c6 3. Nf3 Nf6 4. Qc2 g6 5. Bf4 Bg7 6. Nbd2 O-O 7. e3 Bf5 8. Qb3 Qb6 9. c5 Qxb3 10. axb3 a6 11. b4 Nbd7 12. h3 h5 13. Nb3 Rfe8 14. Na5 Ra7 15. Be2 Ne4 16. Ne5 Nxe5 17. dxe5 f6 18.
exf6 Nxf6 19. Be5 Nd7 20. Bxg7 Kxg7 21. g4 hxg4 22. hxg4 Be6 23. Nb3 Ne5 24. g5 Raa8 25. Nd4 Bd7 26. f4 Nf7 27. Kd2 Rh8 28. Nb3 Rxh1 29.
Rxh1 e5 30. Na5 Rb8 31. Rh4 Bf5 32. Kc3 exf4 33. exf4 Nd8 34. Kd4 Ne6+ 35. Ke5 Re8 36. Kd6 Nd4 37. Bf1 Bc8 38. Kc7 Ne6+ 39. Kb6 Re7 40. Bh3 d4 41. Bxe6 Bxe6 42. f5 gxf5 43. Rxd4 Kg6 44. Nxb7 Kxg5 45. Nd8 Bc4 46. Nxc6 1-0

[Event "*** Titled Tuesday Blitz"]
[Site "Chess.com"]
[Date "2020.05.12"]
[Round "10"]
[White "Chepaschess"]
[Black "Konavets"]
[Result "1/2-1/2"]
[WhiteElo "2780"]
[BlackElo "2935"]
[TimeControl "180+1"]
[EndTime "11:53:40 PDT"]
[Termination "Game drawn by repetition"]

1. Nf3 c5 2. c4 Nc6 3. Nc3 d6 4. d4 cxd4 5. Nxd4 g6 6. e4 Bg7 7. Be3 Nf6 8. Be2 O-O 9. f3 Bd7 10. O-O Qa5 11. Qd2 Rfc8 12. Rfd1 Qd8 13. Rac1 Ne5 14. b3 h5 15. h3 Nc6 16. f4 Qf8 17. Bf3 Rd8 18. Nd5 Rac8 19. Qf2 b6 20. Nb5 Rb8 21.
Nbc3 Nh7 22. Nb5 Rbc8 23. Nd4 Na5 24. Qh4 Nf6 25. Qf2 Nc6 26. Nxc6 Bxc6 27. Bd4 Bxd5 28. cxd5 Nd7 29. Be3 Nc5 30. b4 Na4 31. Rc6 e6 32. Rxc8 Rxc8 33. dxe6 fxe6 34. f5 gxf5 35. exf5 Qxf5 36.
Rxd6 Nc3 37. Bd4 Nb5 38. Bxg7 Nxd6 39. Qg3 h4 40. Qxd6 Rc1+ 41. Kh2 Kxg7 42. Qe7+ Kg6 43. Qe8+ Kg7 44. Qe7+ Kg6 45. Qe8+ Kf6 46. Qh8+ Ke7 47. Qxh4+ Qf6 48. Qh7+ Kd6 49. Qd3+ Kc7 50. Qe4 Kd6 51. Qd3+ Ke7 52. Qh7+ Kd8 53. Qd3+ Ke8 54. Qe4 Rc7 55. h4 Qf5 56. Qa8+ Ke7 57. Qh8 Qf4+ 58. Kh3 Kd6 59. Qd8+ Rd7 60. Qb8+ Rc7 61. Qd8+ Rd7 62. Qb8+ Rc7 63.
Qd8+ 1/2-1/2

[Event "*** Titled Tuesday Blitz"]
[Site "Chess.com"]
[Date "2020.05.12"]
[Round "10"]
[White "ClassyEl"]
[Black "PavelShkapenko"]
[Result "0-1"]
[WhiteElo "2520"]
[BlackElo "2649"]
[TimeControl "180+1"]
[EndTime "11:53:40 PDT"]
[Termination "PavelShkapenko won by checkmate"]

1. d4 Nf6 2. Bg5 Ne4 3. Bf4 d5 4. e3 c5 5. Bd3 Nf6 6. dxc5 Nc6 7. Bb5 Ne4 8. b4 a5 9. c3 e6 10.
Nf3 Bd7 11. O-O axb4 12. Bxc6 bxc6 13. cxb4 f6 14. Qc2 e5 15. Bg3 Be7 16. Nbd2 Bf5 17.
Nxe4 Bxe4 18. Qb3 O-O 19. Nd2 Bg6 20. a4 Qb8 21. Rfc1 Qb7 22. b5 Rfb8 23. e4 Bf7 24.
exd5 Bxd5 25. Qd3 cxb5 26. axb5 Rxa1 27. Rxa1 Bxc5 28. Nb3 Bb6 29. Rd1 Bxg2 30. Qc4+ Kh8 31. Nc5 Bxc5 32. Qxc5 Bh1 33. f3 Bxf3 34. Rd6 h6 35. b6 Ra8 36. Qc4 Bh1 37. Rd2 Ra1+ 38. Kf2 Qf3# 0-1

[Event "*** Titled Tuesday Blitz"]
[Site "Chess.com"]
[Date "2020.05.12"]
[Round "10"]
[White "amiralfio"]
[Black "konradrutkowski"]
[Result "0-1"]
[WhiteElo "2461"]
[BlackElo "2308"]
[TimeControl "180+1"]
[EndTime "11:53:40 PDT"]
[Termination "konradrutkowski won on time"]

1. e4 e5 2. Nf3 Nc6 3. Bc4 Nf6 4. d3 Be7 5. O-O O-O 6. a4 d6 7. a5 Be6 8. Bxe6 fxe6 9. a6 b6 10. c3 Qd7 11. Nbd2 Nh5 12. Nc4 Nf4 13. g3 Ng6 14. Kg2 Rf7 15. h4 Raf8 16. Ng5 Bxg5 17.
Bxg5 d5 18. h5 Nf4+ 19. gxf4 dxc4 20. fxe5 Nxe5 21. dxc4 Qc6 22. Qe2 Nf3 23. Bc1 e5 24. Rh1 Qe6 25. Kf1 Qg4 26. c5 bxc5 27. Qc4 Kh8 28.
h6 g6 29. Be3 Nd2+ 30. Bxd2 Rxf2+ 31. Ke1 Qg2 0-1

[Event "*** Titled Tuesday Blitz"]
[Site "Chess.com"]
[Date "2020.05.12"]
[Round "10"]
[White "ChelsieMonica"]
[Black "mbachez"]
[Result "0-1"]
[WhiteElo "2361"]
[BlackElo "2498"]
[TimeControl "180+1"]
[EndTime "11:53:41 PDT"]
[Termination "mbachez won by resignation"]

1. c4 e5 2. Nc3 Nf6 3. e3 Bb4 4. Be2 O-O 5. a3 Bxc3 6. dxc3 d6 7. Qc2 a5 8. e4 Na6 9. Nf3 Nc5 10. Bg5 a4 11. Rd1 h6 12. Bh4 Qe7 13. O-O Bd7 14.
Nd2 Bc6 15. f3 Ne6 16. Rf2 g5 17. Bg3 Kg7 18. Nf1 Kh7 19. Ne3 Ng7 20. h4 Nfh5 21. Nf5 Nxf5 22. exf5 Kh8 23. Bh2 gxh4 24. f4 Nxf4 25.
Bf3 Qg5 26. Bxc6 bxc6 27. Bxf4 exf4 28. Qe4 c5 29. Rxf4 Rae8 30. Qf3 Rg8 31. Rf1 Re3 32. Qf2 Rg3 33. Kh1 Rxg2 34. Qf3 Rg1+ 35. Kh2 Rxf1 36.
Qxf1 Qg3+ 37. Kh1 Re8 38. Rf3 Re1 39. Rxg3 Rxf1+ 40. Rg1 Rxg1+ 41. Kxg1 Kg7 0-1

[Event "*** Titled Tuesday Blitz"]
[Site "Chess.com"]
[Date "2020.05.12"]
[Round "10"]
[White "tsvet2005"]
[Black "gui_borba"]
[Result "1-0"]
[WhiteElo "2494"]
[BlackElo "2345"]
[TimeControl "180+1"]
[EndTime "11:53:41 PDT"]
[Termination "tsvet2005 won by checkmate"]

1. d4 Nf6 2. c4 e6 3. Nc3 Bb4 4. f3 c5 5. d5 b5 6. e4 O-O 7. Nh3 d6 8. Nf4 exd5 9. Nxd5 Nc6 10. Bg5 Nd4 11. Bxf6 gxf6 12. Bd3 f5 13. O-O Kh8 14. cxb5 Be6 15. exf5 Nxf5 16. Bxf5 Bxf5 17. Nxb4 cxb4 18. Qd4+ f6 19. Qxb4 Rg8 20. Kh1 Qb6 21. Rad1 Rad8 22. Nd5 Qb7 23. Qd4 Rdf8 24. Nxf6 Rg6 25. Ne4+ Kg8 26. Nxd6 Qe7 27. Nxf5 Rxf5 28. Qd8+ Qxd8 29. Rxd8+ Kg7 30. a4 Rc5 31. Rd2 Kh6 32. Rfd1 a6 33. bxa6 Rxa6 34. Rd6+ Rxd6 35. Rxd6+ Kg5 36. h3 Kf4 37. Kh2 Rc2 38. b4 h5 39. a5 h4 40.
a6 Ke3 41. b5 Ke2 42. a7 Kf1 43. Rg6 Rc1 44. a8=Q Re1 45. b6 Re2 46. b7 Ke1 47. b8=Q Kd1 48. Qb1+ Kd2 49. Qd5+ Ke3 50. Qb6+ Kf4 51. Rg4# 1-0

[Event "*** Titled Tuesday Blitz"]
[Site "Chess.com"]
[Date "2020.05.12"]
[Round "10"]
[White "barbara25"]
[Black "gvanna"]
[Result "0-1"]
[WhiteElo "2299"]
[BlackElo "2462"]
[TimeControl "180+1"]
[EndTime "11:53:42 PDT"]
[Termination "gvanna won by resignation"]

1. e4 c5 2. Nf3 Nc6 3. g3 g6 4. Bg2 Bg7 5. O-O e6 6. c3 Nge7 7. d4 cxd4 8. cxd4 d5 9. e5 O-O 10. Nc3 f6 11. exf6 Bxf6 12. Re1 Bd7 13. Bh6 Re8 14. Be3 Nf5 15. b3 Rc8 16. Rc1 Qa5 17. Na4 b6 18. g4 Nxe3 19. fxe3 Nb4 20. Rxc8 Rxc8 21. e4 Nxa2 22. exd5 exd5 23. Ne5 Bxa4 24. bxa4 Rc1 25. Qxc1 Nxc1 26. Rxc1 Bxe5 27. dxe5 Kf7 28. h4 Ke6 29. h5 Qxa4 30. Rc7 Qa1+ 31. Bf1 Qd4+ 32.
Kh1 gxh5 33. Rxa7 Qe4+ 34. Bg2 Qe1+ 35. Kh2 Qxe5+ 36. Kg1 hxg4 37. Ra8 Qd4+ 38. Kh2 Qf4+ 39. Kg1 g3 40. Re8+ Kf7 41. Re2 Qd4+ 42. Kf1 h5 43.
Bf3 Qf4 44. Kg2 h4 45. Bxd5+ Kg7 46. Re7+ Kg6 47. Re6+ Kg5 48. Re2 h3+ 49. Kg1 Qc1+ 0-1

[Event "*** Titled Tuesday Blitz"]
[Site "Chess.com"]
[Date "2020.05.12"]
[Round "10"]
[White "Olga_Girya"]
[Black "Xeniya2005"]
[Result "1-0"]
[WhiteElo "2429"]
[BlackElo "2277"]
[TimeControl "180+1"]
[EndTime "11:53:42 PDT"]
[Termination "Olga_Girya won by resignation"]

1. d4 Nf6 2. c4 e6 3. Nf3 Bb4+ 4. Bd2 a5 5. a3 Bxd2+ 6. Qxd2 O-O 7. Nc3 d5 8. e3 b6 9. cxd5 exd5 10. Bd3 Bb7 11. Qc2 h6 12. O-O Nbd7 13. Rac1 Qe7 14. Bf5 Rac8 15. Rfd1 g6 16. Bxd7 Nxd7 17. Qb3 Qe6 18. Nb5 c6 19. Nc3 b5 20. Ne2 Qd6 21. Nf4 Rce8 22.
Nd3 Nb6 23. Nfe5 Nc4 24. a4 Ba6 25. Qc2 bxa4 26. Qxa4 Bb5 27. Qc2 Rc8 28. b3 Nxe5 29. Nxe5 Kg7 30. Qc5 Qe6 31. Ra1 Ra8 32. Rd2 Rfb8 33. Rda2 f6 34. Nf3 Bd3 35. Qc3 Be4 36.
Nd2 Bf5 37. Rxa5 Rxa5 38. Rxa5 Qd7 39. Qc5 Rb7 40. Ra6 Rc7 41. Ra8 Bd3 42. Qf8+ 1-0

[Event "*** Titled Tuesday Blitz"]
[Site "Chess.com"]
[Date "2020.05.12"]
[Round "10"]
[White "RobertoJBM"]
[Black "atalz0"]
[Result "1-0"]
[WhiteElo "2582"]
[BlackElo "2435"]
[TimeControl "180+1"]
[EndTime "11:53:43 PDT"]
[Termination "RobertoJBM won on time"]

1. d4 d5 2. c4 e6 3. Nc3 a6 4.
cxd5 exd5 5. Bf4 Nf6 6. e3 Bd6 7. Nge2 O-O 8. Qc2 Nc6 9. a3 Re8 10. Bxd6 Qxd6 11. g3 Ne7 12. Bg2 Bf5 13. Qb3 Rab8 14.
O-O c6 15. Rac1 h6 16. Na4 Be4 17. Nc5 Bxg2 18. Kxg2 Nd7 19. Rfd1 Nf5 20. Qd3 Nxc5 21. dxc5 Qg6 22. Nd4 Re4 23. Nxf5 Qxf5 24. f3 Re5 25. Qxf5 Rxf5 26. Rd4 Re5 27. Kf2 Rbe8 28. Rc3 f5 29. h4 R8e7 30. b4 g5 31. a4 Kf7 32. b5 axb5 33. axb5 cxb5 34. Rb4 Kg6 35. hxg5 hxg5 36. f4 gxf4 37. gxf4 Re4 38. Rcb3 Kh5 39.
Kf3 Rc7 40. Rxb5 Rc4 41. Rd3 R4xc5 42. Rxd5 Rxb5 43. Rxb5 Kg6 44. Rb6+ Kf7 45. Kg3 Ke7 46. Kh4 Kd7 47. Kg5 Rc5 48. Rxb7+ Ke6 49. Rb8 Kd5 50. Re8 Kc4 51. Re5 1-0